Match 42449799
Unlisted

Match 42449799
End
Royal Engineer Section
Construct Section Command Post
Selects Heavy Armor Battlegroup
Dingo Light Scout Car
ML 3-inch Mortar Team
Infantry Section
Dingo Light Scout Car
Infantry Section
Selects Rigorous Vehicle Training
Construct Platoon Command Post
6-pounder Anti-tank Gun Team
Selects Light Vehicle Withdraw and Refit
CMP 15cwt Truck
Selects Radio Net
Unlock Bishop Self-propelled Artillery
Bishop Self-propelled Artillery
Bishop Self-propelled Artillery
Light Vehicle Training
Infantry Training
6-pounder Anti-tank Gun Team
Bishop Self-propelled Artillery
Selects Designate Targets
Designate Targets
Grenade Package
Designate Targets
Strawberry Feels
Mo-J
taylor7155
Wheeler
来吃鱼啊
鬼火骚年
upham76
ParazituRO
0
0

Comments sign in to comment!

No comments posted yet!